 Dungeon Crawl Stone Soup version 0.24-a0-769-g368c1644f8 (webtiles) character file.

Game seed: 10606044214833474568, levelgen mode: deterministic

424 Golodhrim the Chopper (level 6, -1/52 HPs)
             Began as a Minotaur Fighter on Oct 4, 2019.
             Slain by an ogre
             ... wielding a +0 giant club
              (10 damage)
             ... on level 3 of the Dungeon.
             The game lasted 00:48:29 (3409 turns).

Golodhrim the Chopper (Minotaur Fighter)            Turns: 3409, Time: 00:48:30

Health: -1/52      AC: 10    Str: 28    XL:     6   Next: 64%
Magic:  5/5        EV:  8    Int:  5    God:
Gold:   85         SH: 10    Dex:  9    Spells: 5/5 levels left

rFire    + . .     SeeInvis .   s - +4 flail (crush)
rCold    . . .     Gourm    .   c - +0 shield
rNeg     . . .     Faith    .   o - +0 scale mail {rF+}
rPois    .         Spirit   .   (helmet restricted)
rElec    .         Reflect  .   e - +2 cloak
rCorr    .         Harm     .   (no gloves)
MR       .....                  (no boots)
Stlth    ..........             (no amulet)
HPRegen  0.17/turn              (no ring)
MPRegen  0.09/turn              (no ring)

@: mighty, hasted, very quick
A: retaliatory headbutt, horns 2
a: no special abilities


You were on level 3 of the Dungeon.
You were very hungry.

You visited 1 branch of the dungeon, and saw 4 of its levels.

You collected 85 gold pieces.

Inventory:

Hand Weapons
 a - a +0 war axe
 s - a +4 flail of crushing (weapon)
Missiles
 i - 3 poisoned darts
 u - 63 stones (quivered)
Armour
 c - a +0 shield (worn)
 e - a +2 cloak (worn)
 o - a +0 scale mail of fire resistance (worn)
Scrolls
 b - a scroll of enchant weapon {unknown}
 j - a scroll of magic mapping {unknown}
 l - a scroll of amnesia
 m - a scroll of blinking {unknown}
 n - 2 scrolls of teleportation
 w - a scroll of fog {unknown}
Potions
 g - a potion of curing
 h - 2 potions of haste
 k - a potion of invisibility {unknown}
 p - a potion of flight {unknown}
 q - a potion of mutation
 r - a potion of magic {unknown}
 x - a potion of brilliance {unknown}
Comestibles
 f - 9 rations


   Skills:
 - Level 4.2 Fighting
 - Level 5.7(5.9) Axes
 * Level 2.1(4.2) Maces & Flails
 + Level 5.3 Armour
 + Level 5.2 Shields


You had 5 spell levels left.
You didn't know any spells.
Your spell library was empty.

Dungeon Overview and Level Annotations

Branches:
Dungeon (4/15)
 Temple: D:4-7

Altars:
Dithmenos
Qazlal


Innate Abilities, Weirdness & Mutations

You reflexively headbutt those who attack you in melee.
You have a pair of horns on your head.


Message History

You hit Blork the orc.
Blork the orc is moderately wounded.
Blork the orc looks satisfied for a moment.
The ogre hits you with a +0 giant club! You block Blork the orc's attack.
You are too injured to fight recklessly!
You are too injured to fight recklessly!
You are too injured to fight recklessly!
You are too injured to fight recklessly!
You feel very mighty all of a sudden. The ogre hits you with a +0 giant club.
Blork the orc barely misses you.
You feel yourself speed up. The ogre hits you with a +0 giant club!
* * * LOW HITPOINT WARNING * * *
You thump Blork the orc! You headbutt Blork the orc.
Blork the orc is almost dead.
You block Blork the orc's attack.
You sock Blork the orc!
You kill Blork the orc!
Your base Maces & Flails skill increases to level 2!
The ogre hits you with a +0 giant club!
You die...

.# .# ######### .#
#.......# .# #.#####.#
.###### #.#####.###
......# #.##......#
......## #.##.##.#.#
..###..#####.##[##.#.#
..# #..........)@O.#.#
..###..#############.#
......## #.# ......#
#.### .##.#.# #######
#...# ......# #.....#
####.####
.##.#######.....#
#...†...#
................#
#.##.##.#
.#.##..####.....#
#.##.##.#


You could see an ogre.

Vanquished Creatures
  Blork the orc (D:3)
  A hound (D:1)
  An orc priest (D:3)
  An orc wizard (D:3)
  An iguana (D:3)
  6 gnolls
  5 adders
  3 worms
  A dart slug (D:1)
  2 leopard geckos
  20 orcs (D:3)
  5 giant cockroaches
  6 goblins
  11 hobgoblins
  11 jackals
  A quokka (D:2)
  A ball python (D:1)
  11 bats
  9 frilled lizards
  A jackal skeleton (D:4)
  11 kobolds
  5 rats
114 creatures vanquished.

Notes
Turn   | Place    | Note
-------+----------+-------------------------------------------
     0 | D:1      | Golodhrim the Minotaur Fighter began the quest for the Orb.
     0 | D:1      | Reached XP level 1. HP: 19/19 MP: 0/0
   177 | D:1      | Reached XP level 2. HP: 27/27 MP: 1/1
   890 | D:1      | Reached XP level 3. HP: 20/33 MP: 2/2
  1163 | D:1      | Reached XP level 4. HP: 38/40 MP: 3/3
  1948 | D:2      | Found a stormy altar of Qazlal.
  2182 | D:2      | Reached XP level 5. HP: 44/46 MP: 4/4
  2395 | D:3      | Reached skill level 5 in Axes
  2655 | D:3      | Reached skill level 5 in Armour
  2733 | D:3      | Reached XP level 6. HP: 46/52 MP: 5/5
  2817 | D:3      | Found a shadowy altar of Dithmenos.
  2986 | D:3      | Reached skill level 5 in Shields
  3290 | D:4      | Noticed Blork the orc
  3322 | D:3      | Reached skill level 1 in Maces & Flails
  3409 | D:3      | Killed Blork the orc
  3409 | D:3      | Slain by an ogre

Levels and vault maps discovered:
D:1:      ebering_hopf_link, layout_basic
D:2:      layout_basic, first_ration, nicolae_qazlal_eye_of_the_storm
D:3:      layout_loops_cross, hangedman_decor_push,
          grunt_dithmenos_smoke_and_mirrors
D:4:      layout_rooms, minitemple, brannock_xom_greatest_gift, uniq_natasha,
          uniq_blork_the_orc, uniq_sigmund

Skill      XL: |  1  2  3  4  5  6 |
---------------+-------------------+-----
Fighting       | 4 |  4.2
Shields        | 4 5 |  5.2
Armour         | 4 5 |  5.3
Axes           | 3 4 5 |  5.7
Maces & Flails | 2 |  2.1

Action                   |  1- 3 |  4- 6 || total
-------------------------+-------+-------++-------
Melee: War axe           |    51 |   198 ||   249
       Headbutt          |     3 |    23 ||    26
       Flail             |       |    32 ||    32
Throw: Stone             |     6 |     9 ||    15
       Dart              |    35 |    11 ||    46
  Use: Scroll            |       |     7 ||     7
       Potion            |       |     2 ||     2
  Eat: Chunk             |       |     4 ||     4
       Ration            |       |     1 ||     1
Armor: Scale mail        |    21 |    93 ||   114
Dodge: Dodged            |    20 |    61 ||    81
Block: Shield            |    31 |   110 ||   141

Table legend:
 A = Non-vault XP
 B = Vault XP
 C = Vault XP percentage of total XP
 D = Non-vault monster count
 E = Vault monster count
 F = Vault count percentage of total count
                 A         B        C        D         E       F
            +---------+---------+-------+---------+---------+-------
      Total |     512 |      94 |  15.5 |     113 |       1 |   0.9
            +---------+---------+-------+---------+---------+-------
        D:1 |      97 |       0 |   0.0 |      30 |       0 |   0.0
        D:2 |     109 |       0 |   0.0 |      29 |       0 |   0.0
        D:3 |     297 |      94 |  24.0 |      51 |       1 |   1.9
        D:4 |       9 |       0 |   0.0 |       3 |       0 |   0.0
            +---------+---------+-------+---------+---------+-------
